 Dungeon Crawl Stone Soup version 0.22-a0-93-g6b88ebb (webtiles) character file.

97 kae the Covered (level 4, -1/40 HPs)
             Began as a Minotaur Fighter on Jan 24, 2018.
             Was an Initiate of Okawaru.
             Slain by an ogre
             ... wielding a +0 giant club
              (29 damage)
             ... on level 4 of the Dungeon.
             The game lasted 00:01:25 (2108 turns).

kae the Covered (Minotaur Fighter)                  Turns: 2108, Time: 00:01:25

Health: -1/40      AC:  7    Str: 21    XL:     4   Next: 42%
Magic:  3/3        EV:  7    Int:  6    God:    Okawaru [......]
Gold:   87         SH:  9    Dex:  9    Spells: 3/3 levels left

rFire    . . .     SeeInvis .   a - +0 long sword
rCold    . . .     Gourm    .   c - +0 shield
rNeg     . . .     Faith    .   b - +0 scale mail
rPois    .         Spirit   .   (helmet restricted)
rElec    .         Reflect  .   (no cloak)
rCorr    .         Harm     .   (no gloves)
MR       .....                  (no boots)
Stlth    ..........             (no amulet)
HPRegen  0.13/turn              (no ring)
MPRegen  0.08/turn              (no ring)

@: no status effects
A: retaliatory headbutt, horns 2
a: Renounce Religion


You were on level 4 of the Dungeon.
You worshipped Okawaru.
Okawaru was noncommittal.
You were hungry.

You visited 1 branch of the dungeon, and saw 4 of its levels.

You collected 87 gold pieces.

Inventory:

Hand Weapons
 a - a +0 long sword (weapon)
Armour
 b - a +0 scale mail (worn)
 c - a +0 shield (worn)
Wands
 q - a wand of polymorph (6)
 t - a wand of acid (8)
 v - a wand of random effects (13)
Scrolls
 e - a scroll of magic mapping {unknown}
 h - a scroll of blinking {unknown}
 j - 4 scrolls of identify {unknown}
 m - a scroll of teleportation {unknown}
 p - a scroll of amnesia {unknown}
 r - a scroll of fog {unknown}
Potions
 d - 2 potions of might
 g - 2 potions of heal wounds {unknown}
 i - a potion of haste {unknown}
 k - a potion of ambrosia {unknown}
 l - a potion of mutation {unknown}
 n - a potion of degeneration {unknown}
 u - a potion of curing {unknown}
Books
 o - a book of Cantrips

   Spells                             Type                      Level
   a - Confusing Touch                Hexes                        1
   b - Animate Skeleton               Necromancy                   1
   c - Summon Small Mammal            Summoning                    1
   d - Apportation                    Translocation                1
 s - a book of Minor Magic

   Spells                             Type                      Level
   a - Magic Dart                     Conjuration                  1
   b - Blink                          Translocation                2
   c - Call Imp                       Summoning                    2
   d - Slow                           Hexes                        2
   e - Conjure Flame                  Conjuration/Fire             3
   f - Mephitic Cloud                 Conjuration/Poison/Air       3
Comestibles
 f - 7 rations


   Skills:
 + Level 4.2 Fighting
 * Level 4.0 Long Blades
 + Level 4.3 Armour
 + Level 4.3 Shields


You had 3 spell levels left.
You didn't know any spells.

Dungeon Overview and Level Annotations

Branches:
Dungeon (4/15)
 Temple: D:4-7

Altars:
Dithmenos
Hepliaklqana
Okawaru
Ru
Trog


Innate Abilities, Weirdness & Mutations

You reflexively headbutt those who attack you in melee.
You have a pair of horns on your head.


Message History

An orc is nearby!
An ogre comes into view. It is wielding a giant club.
The ogre shouts!
The orc hits you but does no damage.
You closely miss the orc. The orc hits you with a hand axe.
You hit the orc but do no damage. The orc hits you with a hand axe.
You hit the orc but do no damage. You headbutt the orc.
The orc is heavily wounded.
You block the orc's attack.
A worker ant comes into view.
You barely miss the orc.
The orc is heavily wounded.
The worker ant twitches its antennae in your direction.
The orc barely misses you.
You riposte.
You closely miss the orc.
The orc is heavily wounded.
You hit the orc but do no damage. Your headbutt misses the orc.
The orc is heavily wounded.
The orc hits you with a hand axe. The ogre hits you with a giant club!!
Ouch! That really hurt!
You die...

#. #####.... ....
#........ .....#
#........
......####........
......a...........
..................
.....#..(.........
.........O@o......
..................
.......<..........
..................
.........#........
.......#..........
...[..##..........
...... ##.........
...... .......


You could see an ogre, a worker ant and an orc.

Vanquished Creatures
  Ijyb (D:3)
  2 adders (D:2)
  A worm (D:2)
  3 dart slugs
  A leopard gecko (D:2)
  7 bats
  A giant cockroach (D:3)
  8 goblins
  2 hobgoblins
  4 jackals (D:3)
  4 quokkas
  3 ball pythons
  2 frilled lizards
  3 kobolds
  2 rats
44 creatures vanquished.

Notes
Turn   | Place    | Note
-------+----------+-------------------------------------------
     0 | D:1      | kae the Minotaur Fighter began the quest for the Orb.
     0 | D:1      | Reached XP level 1. HP: 19/19 MP: 0/0
   160 | D:1      | Reached XP level 2. HP: 27/27 MP: 1/1
   727 | D:2      | Reached XP level 3. HP: 28/33 MP: 2/2
  1413 | D:2      | Found a sacrificial altar of Ru.
  1589 | D:3      | Reached XP level 4. HP: 40/40 MP: 3/3
  1654 | D:3      | Found a shadowy altar of Dithmenos.
  1660 | D:3      | Noticed Ijyb
  1683 | D:3      | Killed Ijyb
  1934 | D:3      | Found a hazy altar of Hepliaklqana.
  1938 | D:3      | Found an iron altar of Okawaru.
  1973 | D:3      | Found a bloodstained altar of Trog.
  2068 | D:3      | Became a worshipper of Warmaster Okawaru
  2102 | D:4      | Noticed an ogre
  2108 | D:4      | Slain by an ogre

Vault maps used:
D:1:      dpeg_arrival_connections
D:2:      lemuel_coloured_pillars_altar
D:3:      overflow_temple_1_default, lightli_temple_of_fire, minitemple,
          first_ration, uniq_ijyb
D:4:      uniq_menkaure

Skill      XL: |  1  2  3  4 |
---------------+-------------+-----
Long Blades    | 3 4 |  4.0
Fighting       | 4 |  4.2
Armour         | 4 |  4.3
Shields        | 4 |  4.3

Action                   |  1- 3 |  4- 6 || total
-------------------------+-------+-------++-------
Melee: Long sword        |    71 |    30 ||   101
       Headbutt          |    13 |     4 ||    17
  Eat: Chunk             |     2 |     1 ||     3
Armor: Scale mail        |    32 |     3 ||    35
       Skin              |       |     8 ||     8
Dodge: Dodged            |    23 |     4 ||    27
Block: Shield            |    35 |    11 ||    46
       Rpst.: Long sword |     6 |     1 ||     7

Table legend:
 A = Spawn XP
 B = Non-spawn XP
 C = Spawn XP percentage of total XP
 D = Spawn monster count
 E = Non-spawn monster count
 F = Spawn count percentage of total count
 G = Total turns spent on level
                    A         B        C        D         E        F      G
               +---------+---------+-------+---------+---------+-------+---------
         Total |       0 |     139 |   0.0 |       0 |      44 |   0.0 |  2108
               +---------+---------+-------+---------+---------+-------+---------
           D:1 |       0 |      26 |   0.0 |       0 |      14 |   0.0 |   677
           D:2 |       0 |      56 |   0.0 |       0 |      17 |   0.0 |   845
           D:3 |       0 |      57 |   0.0 |       0 |      13 |   0.0 |   578
               +---------+---------+-------+---------+---------+-------+---------
